 Dungeon Crawl Stone Soup version 0.20-a0-791-gf6451d4 (webtiles) character file.

144 Amciq the Skirmisher (level 5, -8/47 HPs)
             Began as a Hill Orc Fighter on Mar 1, 2017.
             Mangled by Amciq's ghost (13 damage)
             ... on level 4 of the Dungeon.
             The game lasted 00:02:00 (1052 turns).

Amciq the Skirmisher (Hill Orc Fighter)             Turns: 1052, Time: 00:02:01

Health: -8/47      AC:  8    Str: 23    XL:     5   Next: 27%
Magic:  5/5        EV:  7    Int:  8    God:
Gold:   49         SH: 10    Dex: 12    Spells: 4/4 levels left

rFire    . . .     SeeInvis .   a - +0 war axe
rCold    . . .     Gourm    .   b - +0 scale mail
rNeg     . . .     Faith    .   c - +0 shield
rPois    .         Spirit   .   (no helmet)
rElec    .         Reflect  .   k - +0 cloak
rCorr    .         Harm     .   (no gloves)
MR       .....                  (no boots)
Stlth    ..........             (no amulet)
Regen    0.2/turn               (no ring)
MPRegen  0.1/turn               (no ring)

@: mighty
A: agile 1, weak 1, wild magic 1
a: no special abilities


You were on level 4 of the Dungeon.
You were not hungry.

You visited 1 branch of the dungeon, and saw 3 of its levels.

You collected 49 gold pieces.

Inventory:

Hand Weapons
 a - a +0 war axe (weapon)
Armour
 b - a +0 scale mail (worn)
 c - a +0 shield (worn)
 k - a +0 cloak (worn)
Scrolls
 h - a scroll of blinking {unknown}
 j - a scroll of identify {unknown}
Comestibles
 f - 3 bread rations
 g - 2 royal jellies
 i - 6 chunks of flesh


   Skills:
 + Level 4.6 Fighting
 + Level 4.2 Axes
 + Level 4.2 Armour
 + Level 4.2 Shields


You had 4 spell levels left.
You didn't know any spells.

Dungeon Overview and Level Annotations

Branches:
Dungeon (2/15)

Altars:
Elyvilon
Fedhas
Gozag
Makhleb

Annotations:
D:4 Amciq's ghost, amateur HOFi; Grinder


Innate Abilities, Weirdness & Mutations

You are agile. (Dex +2)
You are weak. (Str -2)
Your spells are a little harder to cast, but a little more powerful.


Message History

You block Amciq's ghost's attack.
You barely miss Amciq's ghost.
Amciq's ghost is severely damaged.
Amciq's ghost hits you.
* * * LOW HITPOINT WARNING * * *
You block Amciq's ghost's attack.
It was a potion of mutation.
You feel extremely strange.
You feel weaker.
You feel less in control of your magic.
You feel agile.
Grinder blinks!
Amciq's ghost hits you but does no damage.
You barely miss Amciq's ghost.
Amciq's ghost is severely damaged.
Grinder blinks!
Amciq's ghost closely misses you.
You barely miss Amciq's ghost.
Amciq's ghost is severely damaged.
Amciq's ghost hits you but does no damage.
You slash Amciq's ghost!
Amciq's ghost is almost destroyed.
Amciq's ghost hits you!
You die...

#############
#....@......#
#)###W#####.#
#.# #5....#
#.# #.#...#
#.# #...#...#
#.# #.. # ..#
#.# ..## ..
#########.#
.## .
#.>.....#.# .


You could see Grinder and Amciq's ghost.

Vanquished Creatures
  2 hounds (D:4)
  2 adders
  4 gnolls (D:4)
  A dart slug (D:1)
  A leopard gecko (D:1)
  2 ball pythons
  2 bats (D:1)
  A giant cockroach (D:1)
  2 goblins (D:1)
  3 hobgoblins (D:1)
  3 jackals (D:1)
  3 kobolds
  3 rats (D:1)
29 creatures vanquished.

Notes
Turn   | Place    | Note
-------+----------+-------------------------------------------
     0 | D:1      | Amciq the Hill Orc Fighter began the quest for the Orb.
     0 | D:1      | Reached XP level 1. HP: 19/19 MP: 1/1
   219 | D:1      | Reached XP level 2. HP: 25/27 MP: 2/2
   605 | D:1      | Reached XP level 3. HP: 31/33 MP: 3/3
   850 | D:2      | You fall through a shaft for 2 floors!
   888 | D:4      | Reached XP level 4. HP: 31/40 MP: 4/4
   900 | D:4      | Reached XP level 5. HP: 36/47 MP: 5/5
   912 | D:4      | Found a burning altar of Makhleb.
   913 | D:4      | Found a white marble altar of Elyvilon.
   927 | D:4      | Found an opulent altar of Gozag.
   930 | D:4      | Found a blossoming altar of Fedhas.
  1034 | D:4      | Noticed Amciq's ghost (amateur HOFi)
  1037 | D:4      | Noticed Grinder
  1049 | D:4      | Gained mutation: You are weak. (Str -2) [potion of mutation]
  1049 | D:4      | Gained mutation: Your spells are a little harder to cast, but a little more powerful. [potion of mutation]
  1049 | D:4      | Gained mutation: You are agile. (Dex +2) [potion of mutation]
  1052 | D:4      | Mangled by Amciq's ghost

Vault maps used:
D:1:      lordsloth_arrival_two_stooges
D:2:      first_bread
D:4:      grunt_temple_overflow_cloverleaf, enter_ossuary_5,
          guppyfry_shop_venom, uniq_crazy_yiuf_cottage, uniq_grinder

Skill      XL: |  1  2  3  4 |
---------------+-------------+-----
Axes           | 3 4 |  4.2
Fighting       | 4 |  4.6
Shields        | 4 |  4.2
Armour         | 4 |  4.2

Action                   |  1- 3 |  4- 6 || total
-------------------------+-------+-------++-------
Melee: War axe           |    71 |    34 ||   105
  Use: Potion            |       |     3 ||     3
  Eat: Chunk             |       |     1 ||     1
Armor: Scale mail        |    33 |    13 ||    46
Dodge: Dodged            |    24 |     6 ||    30
Block: Shield            |    39 |    23 ||    62
